 Dungeon Crawl Stone Soup version 0.29-a0-886-gfb1a3fa8b1 (webtiles) character file.

Game seed: 10000481981091670666

15 BearFiend the Sneak (level 2, -1/16 HPs)
             Began as a Kobold Earth Elementalist on July 21, 2022.
             Slain by a jackal (2 damage)
             ... on level 1 of the Dungeon.
             The game lasted 00:02:04 (559 turns).

BearFiend the Sneak (Kobold Earth Elementalist)      Turns: 559, Time: 00:02:04

Health: -1/16      AC:  2    Str:  5    XL:     2   Next: 65%
Magic:  3/5        EV: 15    Int: 16    God:
Gold:   19         SH:  0    Dex: 15    Spells: 4/5 levels left

rFire   . . .      SeeInvis .   c - +0 dagger
rCold   . . .      Faith    .   (no shield)
rNeg    . . .      Spirit   .   a - +0 robe
rPois   .          Reflect  .   (no helmet)
rElec   .          Harm     .   (no cloak)
rCorr   .          Rampage  .   (no gloves)
Will    .....                   (no boots)
Stlth   +++.......              (no amulet)
HPRegen 0.05/turn               (no ring)
MPRegen 0.09/turn               (no ring)

@: no status effects
A: small, no large weapons, nightstalker 3
a: no special abilities


You were on level 1 of the Dungeon.
You visited 1 branch of the dungeon, and saw 1 of its levels.

You collected 19 gold pieces.

Inventory:

Hand Weapons
 c - a +0 dagger (weapon)
Armour
 a - a +0 robe (worn)
Scrolls
 d - a scroll of amnesia {unknown}
Potions
 b - a potion of magic


   Skills:
 + Level 1.5 Fighting
 - Level 2.4 Dodging
 + Level 3.6 Stealth
 - Level 2.1 Spellcasting
 - Level 1.0 Transmutations
 - Level 3.0 Earth Magic


You had 4 spell levels left.
You knew the following spells:

 Your Spells              Type           Power      Damage    Failure   Level
a - Sandblast             Erth           22%        2d7       6%          1

Your spell library contained the following spells:

 Spells                   Type           Power      Damage    Failure   Level
 Passwall                 Tmut/Erth      6%         N/A       14%         2
 Stone Arrow              Conj/Erth      12%        3d7       32%         3
 Petrify                  Tmut/Erth      8%         N/A       65%         4


Dungeon Overview and Level Annotations

Branches:
Dungeon (1/15) Zot: 5426

Altars:


Innate Abilities, Weirdness & Mutations

You are small and have problems with some larger weapons.
You are completely attuned to the shadows.


Message History

The jackal bites you but does no damage.
The jackal closely misses you. The jackal attacks as you move away!
The jackal bites you but does no damage.
The bat closely misses you. The bat hits you but does no damage.
The jackal completely misses you. The bat hits you but does no damage.
There are monsters nearby!
There are monsters nearby!
There are monsters nearby!
There are monsters nearby!
There are monsters nearby!
There are monsters nearby!
There are monsters nearby!
There are monsters nearby!
There are monsters nearby!
The bat completely misses you. The bat closely misses you.
The jackal barely misses you. The jackal closely misses you.
The jackal bites you.
* * * LOW HITPOINT WARNING * * *
The jackal misses you. The jackal closely misses you. The jackal misses you.
The jackal bites you.
* * * LOW HITPOINT WARNING * * *
The jackal barely misses you.
The jackal bites you but does no damage.
The jackal closely misses you. The jackal closely misses you.
The jackal misses you. x2
The jackal misses you. The jackal barely misses you.
The jackal barely misses you. The jackal bites you.
* * * LOW HITPOINT WARNING * * *
The jackal bites you.
* * * LOW HITPOINT WARNING * * *
The jackal misses you. The jackal closely misses you. The jackal bites you.
You die...

#......#..#.......
#......#########.#
#.########## #.#
#..........# #..
#.. ##.###.....#
##. #..####.#
#.....# #.
......##.# #.....#
#. ......b##.#
###.### ##
.......hh@.#
#.#########
.......g####
#..........
........#
##.#####...
........# #.# #...
.#...#.# #.# #...
#..$†.#.#
#.########
###.###.#
#.#....... ..
#.#....#.. ...
#.#.#..#..


You could see 2 jackals, a goblin and a bat.

Vanquished Creatures
  A giant cockroach (D:1)
  2 hobgoblins (D:1)
  2 jackals (D:1)
  A kobold (D:1)
  A quokka (D:1)
  A ball python (D:1)
  6 frilled lizards (D:1)
  A rat (D:1)
15 creatures vanquished.

Vanquished Creatures (others)
  2 plants (D:1)
2 creatures vanquished.

Grand Total: 17 creatures vanquished

Notes
Turn   | Place    | Note
-------+----------+-------------------------------------------
     0 | D:1      | BearFiend the Kobold Earth Elementalist began the quest for
                  | the Orb.
     0 | D:1      | Reached XP level 1. HP: 10/10 MP: 3/3
   291 | D:1      | Found a faded altar of an unknown god.
   295 | D:1      | Reached skill level 1 in Fighting
   295 | D:1      | Reached XP level 2. HP: 16/16 MP: 5/5
   559 | D:1      | Slain by a jackal

Illustrated notes

Levels and vault maps discovered:
D:1:      dpeg_arrival_ratfight, layout_basic,
          shapermc_ecumenical_altar_notcrosses, minmay_lizard_king

Skill      XL: |  1 |
---------------+----+-----
Stealth        | 3 |  3.6
Fighting       | 1 |  1.5
Dodging        | |  2.4
Spellcasting   | |  2.1
Transmutations | |  1.0
Earth Magic    | |  3.0

Action                   || total
-------------------------++-------
Melee: Dagger            ||    10
 Cast: Sandblast         ||    14
 Stab: Sleeping          ||     5
Armor: Robe              ||     7
Dodge: Dodged            ||    39

Table legend: (Time is in decaauts)
 A = Elapsed time spent in this place.
 B = Non-inter-level travel time spent in this place.
 C = Inter-level travel time spent in this place.
 D = Time resting spent in this place.
 E = Time spent auto-exploring this place.
 F = Levels seen in this place.
 G = Mean time per level.
                   A        B        C        D        E       F      G
               +--------+--------+--------+--------+--------+-----+--------+
         Total |    572 |    572 |      0 |      0 |    477 |   1 |  572.0 |
       Dungeon |    572 |    572 |      0 |      0 |    477 |   1 |  572.0 |
               +--------+--------+--------+--------+--------+-----+--------+

Top non-repeatable levels by time:
     D:1: 572 daAuts
